 Dungeon Crawl Stone Soup version 0.22.1-2-g9c5b331 (webtiles) character file.

56 Gearfox the Conjurer (level 3, -1/28 HPs)
             Began as a Draconian Conjurer on Dec 11, 2018.
             Was an Initiate of Nemelex Xobeh.
             Slain by a worm (4 damage)
             ... on level 1 of the Dungeon.
             The game lasted 00:07:47 (2593 turns).

Gearfox the Conjurer (Draconian Conjurer)           Turns: 2593, Time: 00:07:48

Health: -1/28      AC:  5    Str: 10    XL:     3   Next: 71%
Magic:  1/6        EV: 12    Int: 16    God:    Nemelex Xobeh [......]
Gold:   98         SH:  0    Dex: 11    Spells: 4/7 levels left

rFire    . . .     SeeInvis .   (no weapon)
rCold    . . .     Gourm    .   (no shield)
rNeg     . . .     Faith    .   (armour unavailable)
rPois    .         Spirit   .   (helmet restricted)
rElec    .         Reflect  .   (no cloak)
rCorr    .         Harm     .   (no gloves)
MR       .....                  (no boots)
Stlth    +++.......             (no amulet)
HPRegen  0.09/turn              i - ring of stealth
MPRegen  0.10/turn              (no ring)

@: no status effects
A: unfitting armour, cold-blooded, AC +5
a: Renounce Religion


You were on level 1 of the Dungeon.
You worshipped Nemelex Xobeh.
Nemelex Xobeh was noncommittal.
You were not hungry.

You visited 1 branch of the dungeon, and saw 2 of its levels.

You collected 98 gold pieces.

Inventory:

Missiles
 a - 22 poisoned needles
 d - 63 stones (quivered)
Jewellery
 i - a ring of stealth (left hand)
Scrolls
 h - 3 scrolls of remove curse
Potions
 e - a potion of curing {unknown}
Comestibles
 b - 3 rations


   Skills:
 * Level 1.3 Fighting
 - Level 1.7 Dodging
 - Level 1.7 Stealth
 * Level 2.6 Spellcasting
 + Level 4.8 Conjurations


You had 4 spell levels left.
You knew the following spells:

 Your Spells              Type           Power        Failure   Level  Hunger
a - Magic Dart            Conj           ###.         2%          1    #......
b - Searing Ray           Conj           ###...       4%          2    ##.....

Your spell library contained the following spells:

 Spells                   Type           Power        Failure   Level  Hunger
 Dazzling Spray           Conj/Hex       #.....       22%         3    ###....
 Iskenderun's Mystic Bla  Conj           ###.....     26%         4    #####..
 Force Lance              Conj/Tloc      #.......     58%         4    #####..
 Fulminant Prism          Conj/Hex       #.........   58%         4    #####..


Dungeon Overview and Level Annotations

Branches:
Dungeon (2/15)

Altars:
Nemelex Xobeh
Trog

Annotations:
D:2 Sigmund


Innate Abilities, Weirdness & Mutations

Your plain brown scales are hard. (AC +5)
You cannot fit into any form of body armour.
You are cold-blooded and may be slowed by cold attacks.


Message History

Press: ? - help, Shift-Dir - straight line, f/p - worm
Aim: a worm (lightly wounded)
The searing ray hits the worm.
The worm is moderately wounded. (Press . to maintain the ray.)
The searing ray hits the worm.
The worm is heavily wounded.
The searing ray hits the worm.
The worm is severely wounded.
Without enough magic to sustain it, your searing ray dissipates.
The worm bites you but does no damage. The worm bites you.
The worm barely misses you. The worm closely misses you. The worm bites you!
The worm bites you!
* * * LOW HITPOINT WARNING * * *
The worm bites you.
You die...
Your body disappears without a glow.

##### ##...## ### ##.....## ##..
#.......####### #######...
#######.............# #.....#...
......#.............####.........
##...........#................###
#.............w@...####.....## #
#...[.......(......##.......# #
#####..............#..##..### #
##.#..............###.## #
#..##...........### #.# #
###.#####.........# #.# #
#...#####.........# #.####### #
#.###.............# #.##..... #
#.....###.........#####.##.....


You could see a worm.

Vanquished Creatures
  3 adders
  2 dart slugs
  2 leopard geckos (D:1)
  A giant cockroach (D:1)
  2 goblins (D:1)
  A hobgoblin (D:1)
  4 jackals
  3 kobolds
  A ball python (D:1)
  A bat (D:1)
  A frilled lizard (D:2)
  3 rats
24 creatures vanquished.

Notes
Turn   | Place    | Note
-------+----------+-------------------------------------------
     0 | D:1      | Gearfox the Draconian Conjurer began the quest for the Orb.
     0 | D:1      | Reached XP level 1. HP: 14/14 MP: 3/3
   578 | D:1      | Reached XP level 2. HP: 14/22 MP: 0/5
   582 | D:1      | Learned a level 2 spell: Searing Ray
  1157 | D:2      | Noticed Sigmund
  1159 | D:2      | Reached skill level 1 in Fighting
  1398 | D:2      | Reached XP level 3. HP: 28/28 MP: 2/6
  1667 | D:2      | Found a sparkling altar of Nemelex Xobeh.
  1680 | D:2      | Became a worshipper of Nemelex Xobeh the Trickster
  1945 | D:2      | Noticed a moth of wrath
  1951 | D:2      | Found a bloodstained altar of Trog.
  2593 | D:1      | Slain by a worm

Skill      XL: |  1  2 |
---------------+-------+-----
Fighting       | 1 |  1.3
Dodging        | |  1.7
Stealth        | |  1.7
Spellcasting   | |  2.6
Conjurations   | |  4.8

Action                   || total
-------------------------++-------
Melee: Unarmed           ||    10
       Tailslap          ||     1
 Cast: Magic Dart        ||    72
       Searing Ray       ||     5
  Use: Scroll            ||     4
  Eat: Chunk             ||     4
       Ration            ||     1
Armor: Skin              ||    33
Dodge: Dodged            ||    63
